 Dungeon Crawl Stone Soup version 0.31-a0-1068-g5939ac1fb6 (webtiles) character file.

Game seed: 14283780161760914938

48 Maratek the Trooper (level 3, 0/33 HPs)
             Began as a Draconian Fighter on Nov 24, 2023.
             Slain by Robin
             ... wielding a +0 club
              (5 damage)
             ... on level 2 of the Dungeon.
             The game lasted 00:00:59 (1028 turns).

Maratek the Trooper (Draconian Fighter)             Turns: 1028, Time: 00:00:59

Health: 0/33       AC:  5    Str: 20    XL:     3   Next: 50%
Magic:  3/3        EV: 12    Int:  8    God:
Gold:   35         SH:  4    Dex: 10    Spells: 2/2 levels left

rFire   . . .        a - +0 trident
rCold   . . .        b - +0 buckler
rNeg    . . .        (body armour unavailable)
rPois   .            (helmet restricted)
rElec   .            (no cloak)
rCorr   .            (no gloves)
SInv    .            (no boots)
Will    .....        (no amulet)
Stlth   +            (no ring)
HPRegen 0.25/turn    (no ring)
MPRegen 0.08/turn

%: no passive effects
@: mighty
A: AC +5, unfitting armour, cold-blooded
a: no special abilities


You were on level 2 of the Dungeon.
You visited 1 branch of the dungeon, and saw 2 of its levels.

You collected 35 gold pieces.

Inventory:

Hand Weapons
 a - a +0 trident (weapon)
Armour
 b - a +0 buckler (worn)
Jewellery
 l - a ring of wizardry
Scrolls
 d - 2 scrolls of amnesia {unknown}
 e - a scroll of vulnerability {unknown}
 f - a scroll of immolation {unknown}
 h - 2 scrolls of identify {unknown}
 i - a scroll of blinking {unknown}
 j - a scroll of poison {unknown}
Potions
 g - a potion of invisibility {unknown}
 k - a potion of curing {unknown}


   Skills:
 + Level 3.8 Fighting
 + Level 2.5 Polearms
 + Level 3.1 Dodging
 + Level 3.4 Shields


You had 2 spell levels left.
You didn't know any spells.
Your spell library was empty.

Dungeon Overview and Level Annotations

Branches:
Dungeon (2/15)

Altars:

Annotations:
D:2 Robin


Innate Abilities, Weirdness & Mutations

Your plain brown scales are hard. (AC +5)
You cannot fit into any form of body armour.
You are cold-blooded and may be slowed by cold attacks.


Message History

The goblin hits you with a +0 dagger.
You puncture the goblin!
You kill the goblin!
The hobgoblin hits you. x2; You block the goblin's attack.
The goblin closely misses you. You block the goblin's attack.
The hobgoblin attacks as it pursues you!
The hobgoblin hits you but does no damage.
Robin throws the goblin at you! The goblin barely misses you.
Things that are here:
a +0 club; a +0 sling The goblin hits you with a +0 dagger.
* * * LOW HITPOINT WARNING * * *
You feel very mighty all of a sudden.
The hobgoblin hits you but does no damage.
You barely miss the hobgoblin.
Your tail-slap misses the hobgoblin.
The hobgoblin barely misses you.
You puncture the hobgoblin!
You kill the hobgoblin!
The goblin barely misses you.
You puncture the goblin!
You kill the goblin!
Robin roars a battlecry!
The hobgoblin barely misses you.
You puncture the hobgoblin!
You kill the hobgoblin!
Robin throws the goblin at you! The goblin misses you.
The goblin hits you but does no damage. Robin hits you with a +0 club.
* * * LOW HITPOINT WARNING * * *
Things that are here:
a +0 dagger; a goblin corpse; a hobgoblin corpse You puncture Robin!
Robin is severely wounded.
Robin misses you. The goblin hits you with a +0 club.
* * * LOW HITPOINT WARNING * * *
The goblin closely misses you.
You closely miss Robin.
Robin is severely wounded.
The goblin closely misses you. Robin hits you with a +0 club.
You die...
Robin calls out, "Let's celebrate!
Time for a feast!"

.............##........#
.......[.....##........##.
..........♣.♣♣ ...........
# ###.....P.♣♣♣♣..........
#####.....♣...♣♣.gg.......
.#........♣P...♣♣g........
.#........♣♣P.♣♣♣♣g.......
...........♣♣P.g♣g♣)...##'
............♣♣PP@g♣....#
........#.####♣.g♣.....#
...........####........#
..................######
..#'####...........
..#..####..........#
......###.†........#
♣.....'.#...........
♣.....#.....#####


You could see Robin and 4 goblins.

Vanquished Creatures
  An adder (D:2)
  A dart slug (D:2)
  An endoplasm (D:2)
  5 goblins (D:2)
  4 hobgoblins
  4 jackals (D:1)
  4 kobolds (D:1)
  2 quokkas
  5 ball pythons
  A bat (D:1)
  3 rats
31 creatures vanquished.

Notes
Turn   | Place    | Note
-------+----------+-------------------------------------------
     0 | D:1      | Maratek the Draconian Fighter began the quest for the Orb.
     0 | D:1      | Reached XP level 1. HP: 19/19 MP: 1/1
   326 | D:1      | Reached XP level 2. HP: 22/26 MP: 2/2
   912 | D:2      | Reached XP level 3. HP: 20/33 MP: 3/3
  1008 | D:2      | Noticed Robin
  1028 | D:2      | Slain by Robin

Illustrated notes

Levels and vault maps discovered:
D:1:      tarquinn_simple_flora_water_f, layout_basic
D:2:      layout_basic, basic_altar, serial_forest, infiniplex_forest_lined_2,
          infiniplex_forest_diagonal, infiniplex_forest_clump_large,
          infiniplex_forest_diagonal, infiniplex_forest_lined_2,
          infiniplex_forest_lined_room_3, dilly_guarded_unrand_morg, uniq_robin

Skill      XL: |  1  2 |
---------------+-------+-----
Dodging        | 3 |  3.1
Fighting       | |  3.8
Polearms       | |  2.5
Shields        | |  3.4

Action                     || total
---------------------------++-------
  Melee: Trident           ||   113
         Tailslap          ||     5
    Use: Potion            ||     1
   Stab: Sleeping          ||     1
 Armour: Skin              ||    81
  Dodge: Dodged            ||   101
  Block: Buckler           ||    34

Table legend: (Time is in decaauts)
 A = Elapsed time spent in this place.
 B = Non-inter-level travel time spent in this place.
 C = Inter-level travel time spent in this place.
 D = Time resting spent in this place.
 E = Time spent auto-exploring this place.
 F = Levels seen in this place.
 G = Mean time per level.
                   A        B        C        D        E       F      G
               +--------+--------+--------+--------+--------+-----+--------+
         Total |   1052 |   1030 |     22 |      0 |    815 |   2 |  526.0 |
       Dungeon |   1052 |   1030 |     22 |      0 |    815 |   2 |  526.0 |
               +--------+--------+--------+--------+--------+-----+--------+

Top non-repeatable levels by time:
     D:1: 716 daAuts
     D:2: 336 daAuts
